 Dungeon Crawl Stone Soup version 0.28-a0-535-g6f645e4c1d (webtiles) character file.

Game seed: 10165524114213093454

25 Spaninq the Chopper (level 3, -5/30 HPs)
             Began as a Hill Orc Warper on Sept 26, 2021.
             Slain by a kobold (20 damage)
             ... on level 1 of the Dungeon.
             The game lasted 00:01:53 (1087 turns).

Spaninq the Chopper (Hill Orc Warper)               Turns: 1087, Time: 00:01:54

Health: -5/30      AC: 10    Str: 14    XL:     3   Next: 4%
Magic:  5/5        EV:  4    Int: 13    God:
Gold:   40         SH:  0    Dex: 10    Spells: 5/5 levels left

rFire   . . .      SeeInvis .   a - +0 hand axe
rCold   . . .      Faith    .   (no shield)
rNeg    . . .      Spirit   .   e - +0 plate armour
rPois   .          Reflect  .   (no helmet)
rElec   .          Harm     .   (no cloak)
rCorr   .          Rampage  .   (no gloves)
Will    .....                   (no boots)
Stlth   ..........              (no amulet)
HPRegen 0.10/turn               (no ring)
MPRegen 0.09/turn               (no ring)

@: no status effects
A: no striking features
a: no special abilities


You were on level 1 of the Dungeon.
You visited 1 branch of the dungeon, and saw 1 of its levels.

You collected 40 gold pieces.

Inventory:

Hand Weapons
 a - a +0 hand axe (weapon)
Missiles
 d - 5 boomerangs of dispersal (quivered)
Armour
 e - a +0 plate armour (worn)
Jewellery
 f - a +6 ring of strength
Scrolls
 b - a scroll of vulnerability {unknown}
 c - a scroll of blinking


   Skills:
 + Level 2.8 Fighting
 * Level 3.5 Axes
 + Level 1.3 Throwing
 + Level 1.6 Armour
 - Level 1.5 Dodging
 - Level 1.5 Spellcasting
 - Level 2.4 Translocations


You had 5 spell levels left.
You didn't know any spells.
Your spell library contained the following spells:

 Spells                   Type           Power      Damage    Failure   Level
 Blink                    Tloc           N/A        N/A       100%        2
 Gell's Gravitas          Tloc           3%         N/A       100%        3
 Lesser Beckoning         Tloc           7%         N/A       100%        3
 Teleport Other           Tloc           7%         N/A       100%        3
 Manifold Assault         Tloc           7%         N/A       100%        5


Dungeon Overview and Level Annotations

Branches:
Dungeon (1/15)

Altars:


Message History

The hobgoblin is moderately wounded.
The hobgoblin barely misses you. x2
You hit the hobgoblin.
You kill the hobgoblin!
You hit the rat.
You kill the rat!
You have reached level 3!
Your experience leads to an increase in your attributes!
Increase (S)trength, (I)ntelligence, or (D)exterity?
You feel stronger.
Things that are here:
a rat corpse; a hobgoblin corpse A bat comes into view.
The bat barely misses you.
You barely miss the bat. The bat hits you but does no damage. x2
You hit the bat.
The bat is heavily wounded.
The bat hits you but does no damage. x2
The bat hits you but does no damage. The bat hits you but does no damage.
You hit the bat.
You kill the bat!
You now have 31 gold pieces (gained 4).
You see here 20 stones.
Found a plate armour.
You see here 20 stones.
You now have 40 gold pieces (gained 9).
Found a stone staircase leading down.
A kobold comes into view.
It is wielding a +0 dagger of electrocution.
The kobold shouts!
The kobold hits you but does no damage.
Your plate armour prevents you from hitting the kobold.
The kobold hits you but does no damage.
You are electrocuted!
You hit the kobold.
The kobold is severely wounded.
The kobold hits you but does no damage.
The kobold hits you with a +0 dagger of electrocution.
You are electrocuted!!
Ouch! That really hurt!
You die...

####### .......
#......#############
#.....K@...........#
#.....:###########.#
##...#. #.# .... #.
#.# ### #. #.# #.
#.# ... ..
##########.##### #.#
## #...............
#.#
#......#####........


You could see a kobold.

Vanquished Creatures
  A ball python (D:1)
  5 bats (D:1)
  2 endoplasms (D:1)
  2 giant cockroaches (D:1)
  A goblin (D:1)
  3 hobgoblins (D:1)
  2 kobolds (D:1)
  A quokka (D:1)
  A frilled lizard (D:1)
  2 rats (D:1)
20 creatures vanquished.

Notes
Turn   | Place    | Note
-------+----------+-------------------------------------------
     0 | D:1      | Spaninq the Hill Orc Warper began the quest for the Orb.
     0 | D:1      | Reached XP level 1. HP: 18/18 MP: 3/3
    18 | D:1      | Reached skill level 1 in Throwing
    91 | D:1      | Reached skill level 3 in Axes
   226 | D:1      | Reached XP level 2. HP: 17/25 MP: 4/4
   978 | D:1      | Reached XP level 3. HP: 27/30 MP: 5/5
  1087 | D:1      | Slain by a kobold

Illustrated notes

Levels and vault maps discovered:
D:1:      psy_arrival_terrarium, layout_loops_ring

Skill      XL: |  1 |
---------------+----+-----
Throwing       | 1 |  1.3
Axes           | 3 |  3.5
Fighting       | |  2.8
Armour         | |  1.6
Dodging        | |  1.5
Spellcasting   | |  1.5
Translocations | |  2.4

Action                   || total
-------------------------++-------
Melee: Hand axe          ||    89
Armor: Leather armour    ||     5
       Plate armour      ||    86
Dodge: Dodged            ||    24

Table legend: (Time is in decaauts)
 A = Elapsed time spent in this place.
 B = Non-inter-level travel time spent in this place.
 C = Inter-level travel time spent in this place.
 D = Time resting spent in this place.
 E = Time spent auto-exploring this place.
 F = Levels seen in this place.
 G = Mean time per level.
                   A        B        C        D        E       F      G
               +--------+--------+--------+--------+--------+-----+--------+
         Total |   1099 |   1099 |      0 |      0 |    875 |   1 | 1099.0 |
       Dungeon |   1099 |   1099 |      0 |      0 |    875 |   1 | 1099.0 |
               +--------+--------+--------+--------+--------+-----+--------+

Top non-repeatable levels by time:
     D:1: 1099 daAuts
